[Event "41st Jacques-Lemans-Open 2022"]
[Site "St. Veit/Glan"]
[Date "2022.07.12"]
[Round "5.18"]
[White "Hinteregger, Arthur"]
[Black "Mitscherling, Andreas"]
[Result "1-0"]
[ECO "C03"]
[WhiteElo "1993"]
[BlackElo "2165"]
[Annotator "ChessBase"]
[PlyCount "117"]
[EventDate "2022.07.09"]
[EventType "swiss"]
[EventCountry "AUT"]
[SourceTitle "playchess.com"]
[Source "ChessBase"]
[SourceQuality "1"]
[TimeControl "40/5400+30:1800+30"]

1. e4 e6 2. d4 d5 3. Nd2 Be7 4. Bd3 c5 5. Ngf3 Nf6 6. exd5 exd5 7. dxc5 Bxc5 8. O-O O-O 9. h3 Nc6 10. Nb3 Bb6 11. c3 h6 12. Bf4 Bc7 13. Bxc7 Qxc7 14. Re1 Bd7 15. Nbd4 Rfe8 16. Qc2 Ne5 17. Nxe5 Rxe5 18. Rxe5 Qxe5 19. Nf3 Qd6 20. Re1 Re8 21. Rxe8+ Bxe8 22. Nd4 Bd7 23. Qe2 Kf8 24. a3 Qf4 25. Qe3 Qxe3 26. fxe3 Ke7 27. Kf2 Kd6 28. Kf3 g6 29. b4 a6 30. Nb3 Bc6 31. Nd4 Ba4 32. c4 dxc4 33. Bxc4 Nd7 34. Kf4 Ne5 35. Ba2 f6 36. h4 Bd1 37. e4 b6 38. g3 Bg4 39. Ke3 Bd7 40. Bb3 Ng4+ 41. Kd3 Bb5+ 42. Nxb5+ axb5 43. a4 bxa4 44. Bxa4 Ne5+ 45. Kd4 g5 46. h5 Nf7 47. Kc4 Nd8 48. Kb5 Nc6 49. Kc4 Na7 50. Be8 Nc8 51. Kd4 Ke6 52. Bc6 Ne7 53. Be8 f5 54. e5 Nd5 55. Bf7+ Kxf7 56. Kxd5 g4 57. e6+ Kf6 58. Kd6 f4 59. e7 1-0

[Event "41st Jacques-Lemans-Open 2022"]
[Site "St. Veit/Glan"]
[Date "2022.07.12"]
[Round "5.19"]
[White "Higatsberger, Michael"]
[Black "Frank, Emanuel"]
[Result "0-1"]
[ECO "C44"]
[WhiteElo "2021"]
[BlackElo "2160"]
[Annotator "ChessBase"]
[PlyCount "42"]
[EventDate "2022.07.09"]
[EventType "swiss"]
[EventCountry "AUT"]
[SourceTitle "playchess.com"]
[Source "ChessBase"]
[SourceQuality "1"]
[TimeControl "40/5400+30:1800+30"]

1. e4 e5 2. Nf3 Nc6 3. d4 exd4 4. Nxd4 Nf6 5. Nc3 Bb4 6. Nxc6 bxc6 7. Bd3 O-O 8. O-O Re8 9. Qf3 d6 10. Bg5 Rb8 11. Na4 c5 12. c3 Ba5 13. Rfd1 Bd7 14. Bc2 Re5 15. Bxf6 Qxf6 16. Qxf6 gxf6 17. f4 Bxa4 18. fxe5 Bxc2 19. Rd2 Bxe4 20. exf6 d5 21. Re1 c6 0-1

[Event "41st Jacques-Lemans-Open 2022"]
[Site "St. Veit/Glan"]
[Date "2022.07.12"]
[Round "5.20"]
[White "Praxmarer, Christian"]
[Black "Schein, Karl-Heinz"]
[Result "1/2-1/2"]
[ECO "A03"]
[WhiteElo "1906"]
[BlackElo "2167"]
[Annotator "ChessBase"]
[PlyCount "40"]
[EventDate "2022.07.09"]
[EventType "swiss"]
[EventCountry "AUT"]
[SourceTitle "playchess.com"]
[Source "ChessBase"]
[SourceQuality "1"]
[TimeControl "40/5400+30:1800+30"]

1. f4 d5 2. Nf3 Nf6 3. g3 c6 4. Bg2 Qb6 5. Nc3 g6 6. d4 Bf5 7. O-O Bg7 8. Nh4 Nbd7 9. Nxf5 gxf5 10. Na4 Qc7 11. Qd3 e6 12. Nc5 Nxc5 13. dxc5 Ne4 14. Bxe4 dxe4 15. Qa3 O-O 16. Be3 Rfd8 17. Rad1 a6 18. Qb3 Rd7 19. c3 Rad8 20. Rxd7 Rxd7 1/2-1/2

[Event "41st Jacques-Lemans-Open 2022"]
[Site "St. Veit/Glan"]
[Date "2022.07.13"]
[Round "5.21"]
[White "Bajorski, Marius"]
[Black "Schwab, Lukas"]
[Result "0-1"]
[ECO "C94"]
[WhiteElo "1870"]
[BlackElo "2166"]
[Annotator "ChessBase"]
[PlyCount "202"]
[EventDate "2022.07.09"]
[EventType "swiss"]
[EventCountry "AUT"]
[SourceTitle "playchess.com"]
[Source "ChessBase"]
[SourceQuality "1"]
[TimeControl "40/5400+30:1800+30"]

1. e4 e5 2. Nf3 Nc6 3. Bb5 a6 4. Ba4 Nf6 5. O-O Be7 6. Re1 b5 7. Bb3 d6 8. c3 O-O 9. h3 Nb8 10. d3 Nbd7 11. Nbd2 c5 12. Nf1 Qc7 13. Ng3 Re8 14. Qe2 Nb6 15. d4 c4 16. Bc2 Bf8 17. dxe5 dxe5 18. Bg5 Nfd7 19. Red1 Nc5 20. Rd2 f6 21. Be3 Be6 22. Rad1 Rad8 23. Nh4 Rxd2 24. Rxd2 Rd8 25. Nhf5 Rxd2 26. Qxd2 Qd7 27. Kf1 Qxd2 28. Bxd2 Nba4 29. Bc1 Nd3 30. Bxd3 cxd3 31. Ke1 Bxa2 32. Kd2 Nc5 33. b4 Nb3+ 34. Kd1 a5 35. bxa5 Nxa5 36. Ne3 Kf7 37. Bb2 Bc5 38. Ngf1 Ke6 39. Kd2 Nb3+ 40. Kxd3 Bb1+ 41. Ke2 Bxe4 42. f3 Bc6 43. Nd2 Na5 44. Nc2 Kf5 45. Ba3 Bxa3 46. Nxa3 Nb7 47. c4 bxc4 48. Naxc4 Nc5 49. h4 Kf4 50. Nf1 Bb5 51. g3+ Kf5 52. Nfe3+ Ke6 53. Kf2 Nd3+ 54. Kg2 Bc6 55. Nd2 f5 56. Kf1 f4 57. gxf4 Nxf4 58. Kf2 Nd3+ 59. Kg3 Nf4 60. Ng2 Ne2+ 61. Kf2 Nd4 62. Kg3 Nc2 63. Kg4 Kf6 64. Kg3 Kf5 65. Nc4 Nd4 66. Nge3+ Ke6 67. Nd2 g6 68. Kg4 h6 69. Nd1 h5+ 70. Kg3 Nf5+ 71. Kh3 Kd5 72. Ne4 Kd4 73. Ng5 Bd7 74. Nb2 Ne3+ 75. Kg3 Kc3 76. Kf2 Nf5 77. Nd1+ Kd2 78. Ne3 Nxe3 79. Ne4+ Kd3 80. Nc5+ Kd4 81. Nxd7 Nf5 82. Nf8 Nxh4 83. Kg3 Nf5+ 84. Kf2 Ne7 85. Kg3 Ke3 86. Nd7 Nf5+ 87. Kh3 Kf4 88. Nf8 Ne7 89. Kg2 Kf5 90. Kg3 Nd5 91. Nd7 Nf4 92. Nc5 g5 93. Ne4 h4+ 94. Kf2 g4 95. Nd6+ Ke6 96. Ne4 g3+ 97. Kg1 Kd5 98. Nf6+ Kd4 99. Ng4 h3 100. Kh1 Ne2 101. f4 g2+ 0-1

[Event "41st Jacques-Lemans-Open 2022"]
[Site "St. Veit/Glan"]
[Date "2022.07.12"]
[Round "5.22"]
[White "Sucher, Johannes"]
[Black "Kempe, Caius Emilian"]
[Result "0-1"]
[ECO "A45"]
[WhiteElo "2164"]
[BlackElo "1877"]
[Annotator "ChessBase"]
[PlyCount "96"]
[EventDate "2022.07.09"]
[EventType "swiss"]
[EventCountry "AUT"]
[SourceTitle "playchess.com"]
[Source "ChessBase"]
[SourceQuality "1"]
[TimeControl "40/5400+30:1800+30"]

1. d4 Nf6 2. Bg5 d5 3. Nd2 c5 4. e3 Qb6 5. dxc5 Qxb2 6. Ngf3 Ne4 7. Nxe4 dxe4 8. Rb1 Qc3+ 9. Nd2 Nc6 10. Bc4 h6 11. Bh4 g5 12. Bg3 h5 13. Rb3 Qa5 14. h3 a6 15. O-O Qxc5 16. Rc3 Qb4 17. Rb3 Qc5 18. Qa1 Rg8 19. Qc3 Qf5 20. Rb6 Bg7 21. Qa3 h4 22. f3 Qa5 23. Qb3 e6 24. Be1 Bc3 25. Rf2 Bb4 26. Rxc6 bxc6 27. fxe4 Qa3 28. c3 Bc5 29. Rf3 Qxb3 30. axb3 Bd6 31. Rf1 a5 32. Bf2 Bc7 33. Ra1 Ke7 34. Nf3 Ba6 35. Bxa6 Rxa6 36. c4 e5 37. Nh2 Rb8 38. Nf3 f6 39. Nd2 Bd6 40. Be1 Bb4 41. Rb1 Bc3 42. Nf3 Bxe1 43. Nxe1 a4 44. b4 a3 45. Nc2 c5 46. b5 Ra4 47. Kf1 Rxc4 48. Nxa3 Rc3 0-1

[Event "41st Jacques-Lemans-Open 2022"]
[Site "St. Veit/Glan"]
[Date "2022.07.13"]
[Round "5.23"]
[White "Gruenwald, Simon"]
[Black "Besner, Bernhard"]
[Result "1/2-1/2"]
[ECO "B01"]
[WhiteElo "1762"]
[BlackElo "2164"]
[Annotator "ChessBase"]
[PlyCount "220"]
[EventDate "2022.07.09"]
[EventType "swiss"]
[EventCountry "AUT"]
[SourceTitle "playchess.com"]
[Source "ChessBase"]
[SourceQuality "1"]
[TimeControl "40/5400+30:1800+30"]

1. e4 d5 2. exd5 Qxd5 3. Nc3 Qa5 4. d4 Nf6 5. Nf3 Bf5 6. Ne5 c6 7. Bc4 e6 8. g4 Bg6 9. f3 Nbd7 10. Nxd7 Nxd7 11. h4 h5 12. Qe2 O-O-O 13. Bd2 Qb6 14. O-O-O Nf6 15. g5 Nd5 16. Nxd5 cxd5 17. Bd3 Bxd3 18. Qxd3 Bd6 19. Rde1 g6 20. f4 Kb8 21. Rhf1 Rc8 22. Qb3 Qxb3 23. axb3 Rc6 24. c3 Rhc8 25. Kc2 b5 26. Kd3 Kb7 27. b4 Ra6 28. Ra1 Rcc6 29. Ra5 Rab6 30. Rfa1 Bb8 31. Rf1 Rc8 32. Rf3 Bc7 33. Rf2 Rc6 34. Rxb5+ Bb6 35. Ra5 Bxa5 36. bxa5 Rf8 37. b4 a6 38. Rh2 Kc7 39. Rh1 Kd7 40. Rb1 Rcc8 41. Rc1 f6 42. Rh1 Rh8 43. Rh2 Rce8 44. gxf6 Rhf8 45. Rg2 Rxf6 46. Rg5 Ke7 47. Rg1 Rg8 48. Rg5 Kf7 49. Ke3 Kg7 50. Kf3 Re8 51. Ke3 Rf7 52. Rg1 Rf5 53. Rf1 e5 54. dxe5 Rexe5+ 55. Kd4 Re4+ 56. Kd3 Kf7 57. Rg1 Re6 58. Be3 Rc6 59. Rf1 Rcf6 60. Rg1 Re6 61. Rg2 Re8 62. Rg1 Rf6 63. Rg3 Rfe6 64. Rf3 Ke7 65. f5 Rc6 66. Bc5+ Kf7 67. fxg6+ Kxg6 68. Kd4 Rd8 69. Rg3+ Kh6 70. Rg5 Rg6 71. Be7 Rd7 72. Bf8+ Kh7 73. Rxh5+ Kg8 74. Bc5 Rg4+ 75. Kd3 Kf7 76. Bd4 Kg6 77. Re5 Rg3+ 78. Kc2 Kf7 79. Rf5+ Ke7 80. h5 Rh3 81. Rg5 Ke6 82. Rg6+ Kf5 83. Rxa6 Rxh5 84. Rf6+ Ke4 85. a6 Rh2+ 86. Kb3 Rh1 87. b5 Ra1 88. Kb4 Rc7 89. Re6+ Kd3 90. Re3+ Kd2 91. Re5 Rc4+ 92. Kb3 Rb1+ 93. Ka3 Rxb5 94. Rh5 Kc2 95. Rh2+ Kd3 96. Rh3+ Ke4 97. a7 Ra5+ 98. Kb2 Rca4 99. Re3+ Kf4 100. Re7 Ra2+ 101. Kb3 R2a3+ 102. Kc2 Ra1 103. Rf7+ Ke4 104. Re7+ Kf5 105. Rf7+ Ke6 106. Rf6+ Kd7 107. Rf7+ Kc6 108. Rf6+ Kd7 109. Rf7+ Kc6 110. Rf6+ Kd7 1/2-1/2

[Event "41st Jacques-Lemans-Open 2022"]
[Site "St. Veit/Glan"]
[Date "2022.07.12"]
[Round "5.24"]
[White "Ljubic, Luka"]
[Black "Hoffmann, Sebastian"]
[Result "0-1"]
[ECO "D30"]
[WhiteElo "1768"]
[BlackElo "2148"]
[Annotator "ChessBase"]
[PlyCount "66"]
[EventDate "2022.07.09"]
[EventType "swiss"]
[EventCountry "AUT"]
[SourceTitle "playchess.com"]
[Source "ChessBase"]
[SourceQuality "1"]
[TimeControl "40/5400+30:1800+30"]

1. d4 d5 2. c4 e6 3. Nf3 Nf6 4. g3 c5 5. cxd5 exd5 6. Bg2 Nc6 7. O-O c4 8. Nc3 Bb4 9. Bg5 Bxc3 10. bxc3 Bf5 11. Nd2 Qa5 12. Bxf6 gxf6 13. e4 Bxe4 14. Bxe4 dxe4 15. Nxe4 O-O-O 16. Qf3 Qd5 17. Qf4 f5 18. Nc5 Rhg8 19. h3 h5 20. Rab1 b6 21. Na6 Kb7 22. Nb4 Nxb4 23. Rxb4 Rde8 24. a4 a6 25. Qh6 Rg6 26. Qxh5 Qe4 27. Rfb1 f4 28. g4 Ree6 29. Qh4 f3 30. Rf1 f5 31. Kh1 Rh6 32. Qg3 f4 33. Qh2 Qh7 0-1

[Event "41st Jacques-Lemans-Open 2022"]
[Site "St. Veit/Glan"]
[Date "2022.07.12"]
[Round "5.25"]
[White "Leitner, Gerald"]
[Black "Wolfmajer, Wolfgang"]
[Result "1-0"]
[ECO "B33"]
[WhiteElo "2145"]
[BlackElo "1861"]
[Annotator "ChessBase"]
[PlyCount "93"]
[EventDate "2022.07.09"]
[EventType "swiss"]
[EventCountry "AUT"]
[SourceTitle "playchess.com"]
[Source "ChessBase"]
[SourceQuality "1"]
[TimeControl "40/5400+30:1800+30"]

1. e4 c5 2. Nf3 Nc6 3. Nc3 Nf6 4. d4 cxd4 5. Nxd4 e5 6. Ndb5 d6 7. Bg5 a6 8. Bxf6 gxf6 9. Na3 b5 10. Nd5 f5 11. Bd3 Be6 12. O-O f4 13. c4 b4 14. Nc2 Rb8 15. b3 Bg7 16. Kh1 O-O 17. g3 f5 18. Qh5 Qd7 19. Rae1 Bxd5 20. exd5 Ne7 21. gxf4 e4 22. Be2 Ng6 23. Qg5 Bf6 24. Qg3 Kh8 25. Rg1 Rg8 26. Qe3 Rb7 27. Bh5 Rg7 28. Rg3 Rb8 29. Reg1 Qf7 30. Rh3 a5 31. Bxg6 Rxg6 32. Rxg6 Qxg6 33. Nd4 Qg4 34. Ne6 Bc3 35. Rg3 Qd1+ 36. Kg2 Rb7 37. h3 a4 38. Rg5 Qd3 39. Rxf5 h6 40. Rf8+ Kh7 41. f5 axb3 42. axb3 Bd2 43. Qg3 Qxg3+ 44. Kxg3 Ra7 45. Rd8 Ra3 46. Rd7+ Kh8 47. f6 1-0

[Event "41st Jacques-Lemans-Open 2022"]
[Site "St. Veit/Glan"]
[Date "2022.07.12"]
[Round "5.26"]
[White "Stadlinger, Matthias"]
[Black "Hresc, Vladimir"]
[Result "0-1"]
[ECO "A05"]
[WhiteElo "1975"]
[BlackElo "2308"]
[Annotator "ChessBase"]
[PlyCount "76"]
[EventDate "2022.07.09"]
[EventType "swiss"]
[EventCountry "AUT"]
[SourceTitle "playchess.com"]
[Source "ChessBase"]
[SourceQuality "1"]
[TimeControl "40/5400+30:1800+30"]

1. Nf3 Nf6 2. g3 d5 3. Bg2 c6 4. O-O g6 5. d4 Bg7 6. Ne5 Nfd7 7. f4 f6 8. Nd3 O-O 9. f5 gxf5 10. Nf4 Nb6 11. Nh5 Qe8 12. Nxg7 Kxg7 13. Rf4 Kh8 14. Rh4 Rg8 15. Nc3 N8d7 16. Bh6 Nf8 17. Bf3 Be6 18. Qd3 Nc4 19. Na4 b6 20. b3 Nd6 21. Rf1 Ng6 22. Bh5 Bf7 23. Bxg6 Bxg6 24. Nc3 f4 25. Qf3 fxg3 26. hxg3 Nf5 27. Rh3 Nxd4 28. Qf4 Ne6 29. Qh4 Qf7 30. e4 Ng7 31. g4 dxe4 32. g5 Nf5 33. Qf4 Qe6 34. Re1 Nxh6 35. Rxh6 fxg5 36. Qg3 Qd6 37. Qh3 Qd4+ 38. Kh1 Raf8 0-1

[Event "41st Jacques-Lemans-Open 2022"]
[Site "St. Veit/Glan"]
[Date "2022.07.12"]
[Round "5.27"]
[White "Kienboeck, Benjamin"]
[Black "Hengl, Philip"]
[Result "1-0"]
[ECO "B12"]
[WhiteElo "2151"]
[BlackElo "1968"]
[Annotator "ChessBase"]
[PlyCount "47"]
[EventDate "2022.07.09"]
[EventType "swiss"]
[EventCountry "AUT"]
[SourceTitle "playchess.com"]
[Source "ChessBase"]
[SourceQuality "1"]
[TimeControl "40/5400+30:1800+30"]

1. e4 c6 2. d4 d5 3. e5 Bf5 4. c4 e6 5. Nc3 Bb4 6. h4 h6 7. Nf3 Ne7 8. Qb3 Bxc3+ 9. bxc3 Qd7 10. Ba3 O-O 11. Rg1 Re8 12. g4 Bh7 13. h5 dxc4 14. Bxc4 b5 15. Be2 Nd5 16. g5 hxg5 17. Nxg5 Bf5 18. Rd1 Nf4 19. Bg4 Na6 20. Bxf5 exf5 21. c4 bxc4 22. Qg3 f6 23. Qxf4 fxe5 24. dxe5 1-0

[Event "41st Jacques-Lemans-Open 2022"]
[Site "St. Veit/Glan"]
[Date "2022.07.12"]
[Round "5.28"]
[White "Holzmann, Herbert"]
[Black "Praznik, Anton"]
[Result "1/2-1/2"]
[ECO "A05"]
[WhiteElo "1979"]
[BlackElo "2137"]
[Annotator "ChessBase"]
[PlyCount "44"]
[EventDate "2022.07.09"]
[EventType "swiss"]
[EventCountry "AUT"]
[SourceTitle "playchess.com"]
[Source "ChessBase"]
[SourceQuality "1"]
[TimeControl "40/5400+30:1800+30"]

1. Nf3 Nf6 2. c4 g6 3. Nc3 Bg7 4. d4 c5 5. e4 d6 6. Be2 O-O 7. d5 Re8 8. O-O e6 9. Bg5 h6 10. Bf4 exd5 11. exd5 Ne4 12. Nxe4 Rxe4 13. Bc1 Nd7 14. Bd3 Re8 15. Re1 Rxe1+ 16. Qxe1 Nf6 17. Bd2 Bg4 18. Qd1 Nd7 19. h3 Bxf3 20. Qxf3 Ne5 21. Qe2 Nxd3 22. Qxd3 Qd7 1/2-1/2

[Event "41st Jacques-Lemans-Open 2022"]
[Site "St. Veit/Glan"]
[Date "2022.07.12"]
[Round "5.29"]
[White "Tonel, Giulia"]
[Black "Wiedner, Robert"]
[Result "1/2-1/2"]
[ECO "B29"]
[WhiteElo "1969"]
[BlackElo "2133"]
[Annotator "ChessBase"]
[PlyCount "63"]
[EventDate "2022.07.09"]
[EventType "swiss"]
[EventCountry "AUT"]
[SourceTitle "playchess.com"]
[Source "ChessBase"]
[SourceQuality "1"]
[TimeControl "40/5400+30:1800+30"]

1. e4 c5 2. Nf3 Nf6 3. Nc3 d5 4. exd5 Nxd5 5. Ne4 e6 6. c3 Nc6 7. d4 cxd4 8. cxd4 Bb4+ 9. Bd2 Qb6 10. a3 Be7 11. Bc3 O-O 12. Bc4 Rd8 13. O-O e5 14. Nfg5 Bxg5 15. Nxg5 Nxd4 16. Qh5 Qg6 17. Qxg6 hxg6 18. Rad1 Bg4 19. f3 Be6 20. Nxe6 fxe6 21. Bxd4 exd4 22. Rxd4 Rd6 23. Re1 Kf7 24. Rde4 Re8 25. Kf2 g5 26. g3 Nc7 27. R1e2 Kf6 28. Re5 Rh8 29. Kg2 Rhd8 30. Kf2 b6 31. Bb3 Rd2 32. R5e3 1/2-1/2

[Event "41st Jacques-Lemans-Open 2022"]
[Site "St. Veit/Glan"]
[Date "2022.07.12"]
[Round "5.30"]
[White "Erber, Siegfried"]
[Black "Schippel, Gert"]
[Result "1/2-1/2"]
[ECO "B23"]
[WhiteElo "1967"]
[BlackElo "2106"]
[Annotator "ChessBase"]
[PlyCount "31"]
[EventDate "2022.07.09"]
[EventType "swiss"]
[EventCountry "AUT"]
[SourceTitle "playchess.com"]
[Source "ChessBase"]
[SourceQuality "1"]
[TimeControl "40/5400+30:1800+30"]

1. e4 c5 2. Nc3 e6 3. g3 d5 4. d3 Nf6 5. Bg2 Be7 6. Nh3 dxe4 7. Nxe4 Nxe4 8. Bxe4 Nd7 9. O-O O-O 10. Nf4 Nf6 11. Bg2 Qc7 12. b3 Bd7 13. Bb2 Bc6 14. Bxc6 Qxc6 15. Nh5 Nxh5 16. Qxh5 1/2-1/2

[Event "41st Jacques-Lemans-Open 2022"]
[Site "St. Veit/Glan"]
[Date "2022.07.13"]
[Round "5.31"]
[White "Wendl, Philipp"]
[Black "Buchegger, Fridolin"]
[Result "0-1"]
[ECO "E91"]
[WhiteElo "2097"]
[BlackElo "1961"]
[Annotator "ChessBase"]
[PlyCount "178"]
[EventDate "2022.07.09"]
[EventType "swiss"]
[EventCountry "AUT"]
[SourceTitle "playchess.com"]
[Source "ChessBase"]
[SourceQuality "1"]
[TimeControl "40/5400+30:1800+30"]

1. d4 Nf6 2. c4 g6 3. Nc3 Bg7 4. e4 d6 5. Nf3 O-O 6. Be2 Na6 7. O-O e5 8. Bg5 exd4 9. Qxd4 h6 10. Bh4 g5 11. Bg3 Nc5 12. e5 Nh5 13. Rad1 Nxg3 14. fxg3 g4 15. Nh4 Bxe5 16. Qe3 Qg5 17. Qxg5+ hxg5 18. Nf5 Bxf5 19. Rxf5 f6 20. Nb5 Rf7 21. Bxg4 a6 22. Nd4 a5 23. b3 Kg7 24. Rf3 Bxd4+ 25. Rxd4 Re7 26. Rf1 Re3 27. Rd5 Re5 28. Bf3 f5 29. Bd1 Rf8 30. Bc2 f4 31. gxf4 gxf4 32. Rd2 Kh6 33. Rdf2 Kg5 34. g3 Ne6 35. h4+ Kf6 36. gxf4 Rg8+ 37. Kh2 Rh5 38. Kh3 Rgh8 39. Kg3 Rxh4 40. Bd1 Kf5 41. Bc2+ Kf6 42. Rg1 Rh3+ 43. Kg2 Rh2+ 44. Kf1 Rxf2+ 45. Kxf2 Rh2+ 46. Rg2 Rxg2+ 47. Kxg2 Nxf4+ 48. Kf3 Ke5 49. Ke3 c6 50. a3 d5 51. cxd5 cxd5 52. Bh7 d4+ 53. Kd2 Kd5 54. Bf5 Ne6 55. Bg6 Nc7 56. Bd3 Kc5 57. Kc2 Nb5 58. Kb2 Nc3 59. Kc2 b6 60. Ba6 Nb5 61. Kb2 d3 62. Kc1 d2+ 63. Kxd2 Nxa3 64. Kc3 Nb5+ 65. Kb2 Kb4 66. Bb7 Kc5 67. Ba6 Nc7 68. Bd3 Kd4 69. Be2 Ke3 70. Bc4 b5 71. Bf7 b4 72. Bc4 Kd2 73. Bf7 Nb5 74. Bg8 Nc3 75. Bf7 Nd1+ 76. Kb1 Kc3 77. Bg8 Nf2 78. Bf7 Ne4 79. Bg8 Nd2+ 80. Ka2 Kc2 81. Bh7+ Kc1 82. Bg8 Ne4 83. Bf7 Nc3+ 84. Ka1 Kc2 85. Bc4 Ne4 86. Ka2 Nc5 87. Bf7 Nd3 88. Bg6 Kc3 89. Kb1 Nc5 0-1

[Event "41st Jacques-Lemans-Open 2022"]
[Site "St. Veit/Glan"]
[Date "2022.07.12"]
[Round "5.32"]
[White "Elpons, Walter"]
[Black "Guetz, Wolfgang"]
[Result "0-1"]
[ECO "A45"]
[WhiteElo "1952"]
[BlackElo "2034"]
[Annotator "ChessBase"]
[PlyCount "68"]
[EventDate "2022.07.09"]
[EventType "swiss"]
[EventCountry "AUT"]
[SourceTitle "playchess.com"]
[Source "ChessBase"]
[SourceQuality "1"]
[TimeControl "40/5400+30:1800+30"]

1. d4 Nf6 2. Bf4 c6 3. e3 Qb6 4. b3 d6 5. c3 g6 6. h3 Bg7 7. Nf3 O-O 8. Bd3 Nbd7 9. e4 e5 10. dxe5 dxe5 11. Be3 Qc7 12. O-O Nh5 13. Qc1 Nf4 14. Qc2 h6 15. a4 Nf6 16. Bc4 Kh7 17. Nbd2 N6h5 18. Kh2 f5 19. Ng1 Ne6 20. Ndf3 f4 21. Bc1 g5 22. Ba3 c5 23. Rad1 Nf6 24. Bc1 g4 25. Nh4 Ng5 26. Bd3 Qf7 27. Bxf4 gxh3 28. Bxe5 Ng4+ 29. Kh1 hxg2+ 30. Kxg2 Bxe5 31. Nf5 Qh5 32. Rfe1 Qh2+ 33. Kf1 Qh1 34. Qe2 Nh2# 0-1

[Event "41st Jacques-Lemans-Open 2022"]
[Site "St. Veit/Glan"]
[Date "2022.07.12"]
[Round "5.33"]
[White "Rabensteiner, Klaus"]
[Black "Blasge, Tobias"]
[Result "0-1"]
[ECO "D05"]
[WhiteElo "2019"]
[BlackElo "1826"]
[Annotator "ChessBase"]
[PlyCount "104"]
[EventDate "2022.07.09"]
[EventType "swiss"]
[EventCountry "AUT"]
[SourceTitle "playchess.com"]
[Source "ChessBase"]
[SourceQuality "1"]
[TimeControl "40/5400+30:1800+30"]

1. d4 d5 2. e3 Nf6 3. Bd3 e6 4. f4 c5 5. c3 Nc6 6. Nf3 Be7 7. Nbd2 O-O 8. O-O Qc7 9. Ne5 a6 10. a4 b6 11. Qe2 Bb7 12. Ndf3 Ne4 13. Nxc6 Bxc6 14. Ne5 Bb7 15. Bd2 f6 16. Nf3 c4 17. Bc2 Bd6 18. Be1 b5 19. Nd2 Bc6 20. Qf3 Qb7 21. Nxe4 dxe4 22. Qg4 f5 23. Qe2 Bd5 24. axb5 axb5 25. Bd2 b4 26. cxb4 Bxb4 27. Bc3 Rxa1 28. Rxa1 Bxc3 29. bxc3 Qb2 30. Ra7 Qxc3 31. Rc7 Ra8 32. h3 Qa5 33. Rxc4 Bxc4 34. Qxc4 Qd5 35. Qb4 h6 36. Bb3 Qd7 37. Qb6 Re8 38. Qa5 Qd6 39. Qxf5 Qc6 40. Qg6 Re7 41. f5 Qc1+ 42. Kh2 Qxe3 43. Bxe6+ Kh8 44. d5 Qd4 45. Qg3 Re8 46. d6 e3 47. d7 Rf8 48. Qe1 Qd2 49. Qxd2 exd2 50. Bb3 Rd8 51. Kg1 Rxd7 52. Bd1 Re7 0-1

[Event "41st Jacques-Lemans-Open 2022"]
[Site "St. Veit/Glan"]
[Date "2022.07.12"]
[Round "5.34"]
[White "Enne, Harald"]
[Black "Wallner, Dieter"]
[Result "1-0"]
[ECO "D31"]
[WhiteElo "1919"]
[BlackElo "2018"]
[Annotator "ChessBase"]
[PlyCount "63"]
[EventDate "2022.07.09"]
[EventType "swiss"]
[EventCountry "AUT"]
[SourceTitle "playchess.com"]
[Source "ChessBase"]
[SourceQuality "1"]
[TimeControl "40/5400+30:1800+30"]

1. d4 d5 2. c4 e6 3. Nc3 c6 4. Nf3 dxc4 5. a4 Bb4 6. e3 b5 7. Bd2 a5 8. Be2 Nf6 9. O-O O-O 10. Qc2 Ba6 11. e4 h6 12. Rfd1 Nbd7 13. Bf4 Bxc3 14. bxc3 Qe7 15. axb5 Bxb5 16. Bc7 a4 17. Bf4 a3 18. e5 Nd5 19. Qd2 Nxf4 20. Qxf4 Nb6 21. Nd2 f5 22. Qf3 a2 23. Rdc1 Ra3 24. Rc2 Rfa8 25. h3 R8a4 26. g3 Nd5 27. Kh2 Kh7 28. Rcc1 Qg5 29. Rc2 Rxc3 30. Rxc3 Qxd2 31. Rcc1 Qxd4 32. Bd1 1-0

[Event "41st Jacques-Lemans-Open 2022"]
[Site "St. Veit/Glan"]
[Date "2022.07.12"]
[Round "5.35"]
[White "Kozomara, David"]
[Black "Hafner, Robert"]
[Result "1-0"]
[ECO "B19"]
[WhiteElo "2016"]
[BlackElo "1933"]
[Annotator "ChessBase"]
[PlyCount "113"]
[EventDate "2022.07.09"]
[EventType "swiss"]
[EventCountry "AUT"]
[SourceTitle "playchess.com"]
[Source "ChessBase"]
[SourceQuality "1"]
[TimeControl "40/5400+30:1800+30"]

1. e4 c6 2. d4 d5 3. Nd2 dxe4 4. Nxe4 Bf5 5. Ng3 Bg6 6. h4 h6 7. Nf3 Nd7 8. h5 Bh7 9. Bd3 Bxd3 10. Qxd3 Ngf6 11. Bd2 e6 12. O-O-O Be7 13. Qe2 O-O 14. Ne5 Re8 15. Rhe1 Bf8 16. Nf1 Qc7 17. g4 Rad8 18. g5 hxg5 19. Bxg5 Nxe5 20. dxe5 Rxd1+ 21. Rxd1 Nh7 22. Bh4 Be7 23. Bxe7 Rxe7 24. f4 Rd7 25. Ne3 Nf8 26. Nc4 Rxd1+ 27. Qxd1 Nd7 28. Qg1 b5 29. h6 g6 30. Nd6 Qb6 31. Qg3 Nf8 32. Ne4 Nh7 33. c3 Qd8 34. Kc2 Nf8 35. Nf6+ Kh8 36. Qe3 Qa5 37. Kb1 Nh7 38. Ne4 Nf8 39. Qc5 Qd8 40. Nd6 Kh7 41. Qxa7 Nd7 42. Nxf7 Qe7 43. Ng5+ Kxh6 44. Qa8 Nf8 45. Qxc6 Qa7 46. Qf3 Kg7 47. Ne4 Nd7 48. Nd6 Qg1+ 49. Kc2 Qh2+ 50. Kb3 Nc5+ 51. Kb4 Nd7 52. b3 Kh6 53. Nxb5 Nb6 54. Nc7 Qh4 55. Nxe6 Qe7+ 56. Nc5 Nd7 57. Qh3+ 1-0

[Event "41st Jacques-Lemans-Open 2022"]
[Site "St. Veit/Glan"]
[Date "2022.07.12"]
[Round "5.36"]
[White "Tumanyan, Gor"]
[Black "Lipp, Alfred"]
[Result "1-0"]
[ECO "B30"]
[WhiteElo "1884"]
[BlackElo "2011"]
[Annotator "ChessBase"]
[PlyCount "69"]
[EventDate "2022.07.09"]
[EventType "swiss"]
[EventCountry "AUT"]
[SourceTitle "playchess.com"]
[Source "ChessBase"]
[SourceQuality "1"]
[TimeControl "40/5400+30:1800+30"]

1. e4 c5 2. Nf3 Nc6 3. g3 g6 4. Bg2 Bg7 5. O-O Nf6 6. Qe2 O-O 7. c3 d5 8. d3 d4 9. Na3 Ne8 10. Bd2 Nc7 11. Nh4 dxc3 12. bxc3 Ne5 13. Rad1 Na6 14. Bc1 Nc6 15. Bb2 Be6 16. Nc4 Bxc4 17. dxc4 Qc7 18. f4 Rad8 19. e5 Rxd1 20. Rxd1 Rd8 21. Rd5 e6 22. Rd3 Rxd3 23. Qxd3 Qd8 24. Qe2 Qa5 25. a3 Qa4 26. Nf3 Na5 27. Bf1 Qb3 28. Ng5 h6 29. Ne4 Nxc4 30. Qxc4 Qxb2 31. Qa4 Qc1 32. Qe8+ Bf8 33. Nd6 Qe3+ 34. Kg2 Qe2+ 35. Bxe2 1-0

[Event "41st Jacques-Lemans-Open 2022"]
[Site "St. Veit/Glan"]
[Date "2022.07.13"]
[Round "6.1"]
[White "Bosiocic, Marin"]
[Black "Riemelmoser, Franz"]
[Result "1-0"]
[ECO "A05"]
[WhiteElo "2549"]
[BlackElo "2237"]
[Annotator "ChessBase"]
[PlyCount "51"]
[EventDate "2022.07.09"]
[EventType "swiss"]
[EventCountry "AUT"]
[SourceTitle "playchess.com"]
[Source "ChessBase"]
[SourceQuality "1"]
[TimeControl "40/5400+30:1800+30"]

1. Nf3 Nf6 2. g3 b5 3. Bg2 Bb7 4. O-O e6 5. d3 Be7 6. e4 d6 7. Na3 a6 8. c4 b4 9. Qa4+ Nc6 10. Nc2 a5 11. Ncd4 Qd7 12. Nxc6 Bxc6 13. Qc2 Bb7 14. e5 dxe5 15. Nxe5 Qc8 16. Qa4+ Kf8 17. Nc6 Ra6 18. Qb5 Qa8 19. Nb8 c6 20. Qe5 Rb6 21. Be3 c5 22. Bxc5 Bxg2 23. Bxb6 Ng4 24. Qc7 g5 25. Bd4 Bf6 26. Nd7+ 1-0

[Event "41st Jacques-Lemans-Open 2022"]
[Site "St. Veit/Glan"]
[Date "2022.07.13"]
[Round "6.2"]
[White "Koelber, Daniel"]
[Black "Windhager, Hannes"]
[Result "1/2-1/2"]
[ECO "C68"]
[WhiteElo "2176"]
[BlackElo "2244"]
[Annotator "ChessBase"]
[PlyCount "21"]
[EventDate "2022.07.09"]
[EventType "swiss"]
[EventCountry "AUT"]
[SourceTitle "playchess.com"]
[Source "ChessBase"]
[SourceQuality "1"]
[TimeControl "40/5400+30:1800+30"]

1. e4 e5 2. Nf3 Nc6 3. Bb5 a6 4. Bxc6 dxc6 5. O-O Bd6 6. d4 exd4 7. Qxd4 f6 8. Be3 Ne7 9. Nbd2 Be6 10. Qc3 Qd7 11. Nc4 1/2-1/2